 Dungeon Crawl Stone Soup version 0.26-a0-64-g059e62fbdb (webtiles) character file.

Game seed: 1941302006472888624

23 Gwenloh the Cudgeler (level 3, -12/30 HPs)
             Began as a Ghoul Gladiator on June 11, 2020.
             Mangled by an orc warrior
             ... wielding a +0 dire flail
              (19 damage)
             ... on level 1 of the Dungeon.
             The game lasted 00:03:00 (901 turns).

Gwenloh the Cudgeler (Ghoul Gladiator)               Turns: 901, Time: 00:03:01

Health: -12/30     AC:  6    Str: 17    XL:     3   Next: 0%
Magic:  2/2        EV: 11    Int:  3    God:
Gold:   59         SH:  0    Dex: 11    Spells: 2/2 levels left

rFire    . . .     SeeInvis .   n - +1 whip (elec)
rCold    + . .     Gourm    .   (no shield)
rNeg     + + +     Faith    .   l - +0 ring mail
rPois    ∞         Spirit   .   c - +0 helmet
rElec    .         Reflect  .   (no cloak)
rCorr    .         Harm     .   (no gloves)
MR       .....                  (no boots)
Stlth    +.........             (no amulet)
HPRegen  0.00/turn              (no ring)
MPRegen  0.08/turn              (no ring)

@: rotting
A: rotting body, claws 1, carnivore, cold resistance 1, negative energy
resistance 3, inhibited regeneration, torment resistance, unbreathing
a: no special abilities


You were on level 1 of the Dungeon.
You were not hungry.

You visited 1 branch of the dungeon, and saw 2 of its levels.

You collected 59 gold pieces.

Inventory:

Hand Weapons
 a - a +0 flail
 n - a +1 whip of electrocution (weapon)
Missiles
 d - 3 throwing nets
 e - 106 stones
 p - 11 poisoned darts (quivered)
Armour
 b - a +0 leather armour
 c - a +0 helmet (worn)
 l - a +0 ring mail (worn)
Jewellery
 m - an uncursed ring of see invisible {unknown}
Scrolls
 h - a scroll of enchant armour {unknown}
 i - 2 scrolls of amnesia {unknown}
 k - 4 scrolls of immolation {unknown}
 o - a scroll of remove curse {unknown}
Potions
 j - a potion of resistance {unknown}
Comestibles
 f - 3 rations


   Skills:
 * Level 2.8 Fighting
 * Level 3.0 Maces & Flails
 - Level 1.7 Throwing
 + Level 0.6 Armour
 + Level 2.9 Dodging


You had 2 spell levels left.
You didn't know any spells.
Your spell library was empty.

Dungeon Overview and Level Annotations

Branches:
Dungeon (2/15)

Altars:
Elyvilon


Innate Abilities, Weirdness & Mutations

Your body is rotting away.
You thrive on raw meat.
You are immune to poison.
You have sharp fingernails.
You are carnivorous and can eat meat at any time.
Your flesh is cold resistant. (rC+)
You are immune to negative energy. (rN+++)
You do not regenerate when monsters are visible.
You are immune to unholy pain and torment.
You can survive without breathing.


Message History

The orc warrior is poisoned.
You are too injured to fight recklessly!
You are too injured to fight recklessly!
You are too injured to fight recklessly!
The orc warrior looks more healthy.
The orc wizard mumbles some strange words.
The orc wizard blinks!
The orc warrior closely misses you.
There is an open door here.
The orc priest invokes the aid of Beogh against you.
Beogh smites you!
* * * LOW HITPOINT WARNING * * *
There is a stone staircase leading down here.
There is a stone staircase leading up here.
The orc warrior hits you but does no damage.
You climb upwards.
There is a stone staircase leading down here.
The orc warrior hits you with a +0 dire flail!!
Ouch! That really hurt!
You die...

######.# .......#
######.# #.# #.# ♣♣♣
### #.# #♣<♣#
..####.###########
#8.8#
................>#
##'##
..####.........o@###..#
..# #.#########.....##
..# #.# ######.#####
..# ##.## #...##.#
..###...# #.####.#
.###....# #......# .#
#....##########
.###.....# ....####.#


You could see an orc warrior.

Vanquished Creatures
  An ooze (D:1)
  A worm (D:2)
  3 goblins
  3 hobgoblins
  2 kobolds (D:1)
  3 bats
  3 frilled lizards
16 creatures vanquished.

Vanquished Creatures (others)
  A bat (D:2)
1 creature vanquished.

Grand Total: 17 creatures vanquished

Notes
Turn   | Place    | Note
-------+----------+-------------------------------------------
     0 | D:1      | Gwenloh the Ghoul Gladiator began the quest for the Orb.
     0 | D:1      | Reached XP level 1. HP: 17/17 MP: 0/0
   103 | D:1      | Reached XP level 2. HP: 25/25 MP: 1/1
   662 | D:2      | Found a white marble altar of Elyvilon.
   713 | D:2      | Reached skill level 3 in Maces & Flails
   864 | D:2      | Noticed an orc warrior
   867 | D:2      | Reached XP level 3. HP: 26/30 MP: 2/2
   901 | D:1      | Mangled by an orc warrior

Illustrated notes

Levels and vault maps discovered:
D:1:      saegor_arrival_simple_b, layout_basic
D:2:      layout_basic, nicolae_tso_swordbearing_angel, elyvilon_altar_4,
          uniq_natasha

Skill      XL: |  1  2 |
---------------+-------+-----
Maces & Flails | 3 |  3.0
Fighting       | |  2.8
Throwing       | |  1.7
Armour         | |  0.6
Dodging        | |  2.9

Action                   || total
-------------------------++-------
Melee: Flail             ||    22
       Whip              ||    18
Throw: Stone             ||    20
       Throwing net      ||     1
       Dart              ||     4
Armor: Leather armour    ||     8
       Ring mail         ||    10
Dodge: Dodged            ||    29

Table legend:
 A = Non-vault XP
 B = Vault XP
 C = Vault XP percentage of total XP
 D = Non-vault monster count
 E = Vault monster count
 F = Vault count percentage of total count
                 A         B        C        D         E       F
            +---------+---------+-------+---------+---------+-------
      Total |      34 |       0 |   0.0 |      16 |       0 |   0.0
            +---------+---------+-------+---------+---------+-------
        D:1 |      21 |       0 |   0.0 |      10 |       0 |   0.0
        D:2 |      13 |       0 |   0.0 |       6 |       0 |   0.0
            +---------+---------+-------+---------+---------+-------
